 Dungeon Crawl Stone Soup version 0.27-a0-1140-g099f9bb0e8 (webtiles) character file.

Game seed: 2694450944625890242

68025 leviel the Severer (level 14, -8/129 HPs)
             Began as a Minotaur Fighter on May 8, 2021.
             Was a High Priest of the Shining One.
             Mangled by a cyclops (9 damage)
             ... while petrified by a basilisk
             ... on level 13 of the Dungeon.
             The game lasted 00:31:48 (21674 turns).

leviel the Severer (Minotaur Fighter)              Turns: 21674, Time: 00:31:49

Health: -8/129     AC: 24    Str: 23      XL:     14   Next: 85%
Magic:  18/18      EV:  2    Int:  3 (5)  God:    the Shining One [*****.]
Gold:   2179       SH:  0    Dex: 10      Spells: 13/13 levels left

rFire    + . .     SeeInvis .   a - +2 broad axe of Wuattih {venom, rCorr}
rCold    + . .     Faith    .   k - +0 tower shield
rNeg     + + +     Spirit   .   f - +3 pearl dragon scales
rPois    ∞         Reflect  +   (helmet restricted)
rElec    .         Harm     .   H - scarf {repulsion}
rCorr    +         Rampage  .   K - +2 pair of gloves
Will     +....                  x - +0 pair of boots
Stlth    ..........             c - amulet of reflection
HPRegen  0.31/turn              R - ring of positive energy
MPRegen  0.16/turn              N - ring of Xian {Fly rPois rF+ rC+ Str-3 Slay+5}

@: petrified, flying, glowing, repel missiles
A: horns 2, retaliatory headbutt, low mp 1
a: Renounce Religion, Divine Shield, Cleansing Flame, Summon Divine Warrior


You were on level 13 of the Dungeon.
You worshipped the Shining One.
The Shining One was extremely pleased with you.
You visited 3 branches of the dungeon, and saw 18 of its levels.
You also visited: Sewer, Ossuary, Gauntlet and Volcano.

You collected 2409 gold pieces.
You spent 230 gold pieces at shops.

Inventory:

Hand Weapons
 a - the +2 broad axe of Wuattih (weapon) {venom, rCorr}
   (You acquired it on level 4 of the Dungeon)

   It poisons the flesh of those it strikes.
   It protects you from acid and corrosion.
 b - a +3 trident of flaming
 h - a +2 war axe
 w - a +7 war axe
Missiles
 p - 5 curare-tipped darts (quivered)
Armour
 f - +3 pearl dragon scales (worn)
 k - a +0 tower shield (worn)
 x - a +0 pair of boots (worn)
 H - a scarf of repulsion (worn)
 K - a +2 pair of gloves (worn)
Jewellery
 c - an amulet of reflection (around neck)
 g - an amulet of guardian spirit
 q - a ring of resist corrosion
 t - a ring of willpower
 v - the ring "Duzaiw Nai" {Fire rElec rN+ Dex+3}
   (You found it in a Gauntlet)

   [ring of fire]

   It enhances your fire magic.
   It affects your dexterity (+3).
   It protects you from fire.
   It makes you vulnerable to cold.
   It insulates you from electricity.
   It protects you from negative energy.
 y - a ring of wizardry
 D - a ring of wizardry
 N - the ring of Xian (right hand) {Fly rPois rF+ rC+ Str-3 Slay+5}
   (You took it off a gnoll on level 11 of the Dungeon)

   [ring of protection from fire]

   It affects your strength (-3).
   It affects your accuracy and damage with ranged weapons and melee attacks
   (+5).
   It protects you from fire.
   It protects you from cold.
   It protects you from poison.
   It grants you flight.
 R - a ring of positive energy (left hand)
Wands
 l - a wand of digging (5)
 o - a wand of polymorph (10)
 A - a wand of mindburst (33)
 E - a wand of flame (33)
 G - a wand of acid (8)
 S - a wand of iceblast (18)
Scrolls
 e - 5 scrolls of identify
 s - a scroll of magic mapping
 u - a scroll of holy word
 B - 2 scrolls of silence
 C - 2 scrolls of teleportation
 J - 3 scrolls of amnesia
 M - 2 scrolls of fog
Potions
 d - 7 potions of might
 i - 2 potions of curing
 j - 3 potions of heal wounds
 m - a potion of berserk rage {unknown}
 n - 3 potions of haste
 r - a potion of brilliance
 z - a potion of ambrosia
Miscellaneous
 O - a phial of floods


   Skills:
 + Level 13.1 Fighting
 * Level 17.5 Axes
 + Level 13.2 Armour
 + Level 16.5 Shields
 + Level 10.9 Invocations


You had 13 spell levels left.
You didn't know any spells.
Your spell library contained the following spells:

 Spells                   Type           Power      Damage    Failure   Level
 Foxfire                  Conj/Fire      0%         2x1d4     99%         1
 Sandblast                Erth           0%         2d4       99%         1
 Shock                    Conj/Air       0%         1d3       99%         1
 Static Discharge         Conj/Air       0%         N/A       100%        2
 Sublimation of Blood     Necr           0%         N/A       100%        2
 Conjure Flame            Conj/Fire      0%         6-21      100%        3
 Ignite Poison            Fire/Tmut/Pois 0%         N/A       100%        3
 Inner Flame              Hex/Fire       0%         N/A       100%        3
 Stone Arrow              Conj/Erth      0%         3d7       100%        3
 Swiftness                Air            0%         N/A       100%        3
 Airstrike                Air            0%         N/A       100%        4
 Animate Armour           Summ/Erth      0%         N/A       100%        4
 Hailstorm                Conj/Ice       0%         3d3       100%        4
 Petrify                  Tmut/Erth      0%         N/A       100%        4
 Sticky Flame             Conj/Fire      0%         2d3       100%        4
 Alistair's Intoxication  Tmut/Pois      0%         N/A       100%        5
 Bolt of Magma            Conj/Fire/Erth 0%         4d4       100%        5
 Fireball                 Conj/Fire      0%         3d3       100%        5
 Irradiate                Conj/Tmut      0%         3d14      100%        5
 Lightning Bolt           Conj/Air       0%         1d11      100%        5
 Summon Forest            Summ/Tloc      0%         N/A       100%        5
 Summon Mana Viper        Hex/Summ       0%         N/A       100%        5
 Eringya's Noxious Bog    Tmut/Pois      0%         N/A       100%        6
 Shadow Creatures         Summ           N/A        N/A       100%        6
 Summon Hydra             Summ           0%         N/A       100%        7


Dungeon Overview and Level Annotations

Branches:
Dungeon (13/15)            Temple (0/1) D:6            Lair (3/6) D:11
  Swamp (0/4) Lair:3          Orc (2/2) D:9             Elf (0/3) Orc:2
 Vaults (0/5) D:13          Sewer (visited)         Ossuary (visited)
Volcano (visited)         Gauntlet (visited)
  Snake: Lair:2-4    Spider: Lair:2-4

Altars:
Cheibriados
Gozag
Kikubaaqudgha
Ru
Xom
The Shining One
Beogh

Shops:
D:7 ?   D:10 [   Orc:2 [[(=

Portals:
Trove: D:12 (give +3 gold dragon scales)
Ice
Cave: D:13


Innate Abilities, Weirdness & Mutations

You have a pair of horns on your head.
You reflexively headbutt those who attack you in melee.
Your magical capacity is low. (-10% MP)


Message History

You feel a wave of frost pass over you.
There is an entrance to an ice cave on this level.
Hurry and find it before the portal melts!
You hear the loud crackling of a very distant melting archway.
The centaur warrior shoots an arrow.
You reflect the arrow off an invisible shield around you!
The arrow hits the centaur warrior!!
The basilisk gazes at you.
You are slowing down.
The centaur warrior shoots an arrow.
The arrow hits you but does no damage.
There is an empty arch of ancient stone here.
You are too injured to fight recklessly!
You hit the basilisk.
The basilisk is poisoned.
The basilisk is lightly wounded.
The centaur warrior shoots an arrow.
The arrow hits you but does no damage.
The centaur warrior shoots an arrow.
The arrow hits you! The basilisk gazes at you.
You easily resist.
Your limbs are stiffening.
You slice the basilisk!!
The basilisk looks as sick as possible!
You headbutt the basilisk.
The basilisk is almost dead.
You kill the basilisk!
The centaur warrior shoots an arrow.
The arrow hits you!!
* * * LOW HITPOINT WARNING * * *
The centaur warrior shoots an arrow.
The arrow hits you but does no damage.
You have turned to stone.
The centaur warrior shoots an arrow.
The arrow hits you!
* * * LOW HITPOINT WARNING * * *
The centaur warrior shoots an arrow.
The arrow hits you!
* * * LOW HITPOINT WARNING * * *
The centaur warrior shoots an arrow.
The arrow hits you!
* * * LOW HITPOINT WARNING * * *
The centaur warrior shoots an arrow.
The arrow hits you.
* * * LOW HITPOINT WARNING * * *
The centaur warrior shoots an arrow.
The arrow hits you but does no damage.
The centaur warrior shoots an arrow.
The arrow hits you!
* * * LOW HITPOINT WARNING * * *
The centaur warrior shoots an arrow.
The arrow hits you!
* * * LOW HITPOINT WARNING * * *
The cyclops hits you!!
You die...

..........### ***,*
..........'.#########.##***
..........#.##..........,,*
..........#.##..........,,*
..[.......#.##..........,,*
..........#..#.c........,,*
..........##............,,*
########+#####..........,,*
**,* #..@C......,,* **,,*
#######.###*** *,,**
***,,,* *,** *,,,*** *,*
****+******** *,*
*,,,,,,,,,,,*
******,******,,>,,,,,,,,*
,,,,,,,,,,,,+,,,,,,,,,,,*
******,******,,,,,,,,,,,*


You could see a centaur warrior and a cyclops.

Vanquished Creatures
  An ironbound preserver (D:13)
  A minotaur (Gauntlet)
  2 boulder beetles (D:11)
  6 hydras
  A rakshasa (D:10)
  3 ogre magi (Orc:2)
  3 centaur warriors
  A tengu warrior (D:11)
  15 two-headed ogres
  2 death scarabs (Gauntlet)
  Sonja (Lair:2)
  The ghost of gimp the Protected, a novice DjFi of Okawaru (D:11)
  A sun demon (Volcano)
  Nergalle (D:10)
  3 bog bodies (Lair:3)
  A spectral hydra (Gauntlet)
  3 deep elf pyromancers
  An orange crystal statue (Gauntlet)
  4 orc sorcerers
  3 ugly things
  4 cyclopes
  A manticore (D:11)
  2 black mambas
  7 cane toads
  A gargoyle (D:11)
  5 rime drakes
  A komodo dragon (Lair:2)
  2 unseen horrors
  A yaktaur (D:11)
  A freezing wraith (D:11)
  A rime drake (shapeshifter) (D:13)
  2 tengu conjurers (D:13)
  2 red devils (Volcano)
  10 trolls
  A meliai (D:11)
  A polar bear (Lair:2)
  A hornet (D:9)
  4 slime creatures
  4 blink frogs (Lair:3)
  A meliai zombie (D:11)
  A centaur simulacrum (D:11)
  Sigmund (D:3)
  2 vampires
  32 yaks
  A wyvern (D:8)
  2 wraiths
  A fire elemental (Orc:2)
  2 spectral komodo dragons (Gauntlet)
  Eustachio (D:4)
  2 basilisks
  5 fire bats (Volcano)
  2 neqoxecs (D:11)
  2 vampire mosquitoes (D:11)
  6 wargs
  A spectral cane toad (Gauntlet)
  An acid dragon (D:11)
  A swamp worm (Lair:3)
  2 hell hounds (Volcano)
  Duvessa (D:7)
  5 water moccasins
  2 ice beasts
  2 black bears
  14 orc warriors
  A sky beast (D:6)
  4 necrophages
  27 ogres
  9 wolves
  10 centaurs
  2 phantoms
  3 kobold brigands
  An elf zombie (Ossuary)
  7 bullfrogs
  A gnoll sergeant (D:11)
  Dowan (D:7)
  A scorpion (D:5)
  2 wyvern skeletons
  A water moccasin skeleton (D:6)
  14 killer bees
  10 wights (D:7)
  4 howler monkeys
  2 electric eels
  A bullfrog zombie (D:5)
  6 lava snakes (Volcano)
  4 quasits (D:11)
  3 jellies (D:4)
  9 centaur zombies
  2 hounds (D:5)
  A centaur skeleton (D:5)
  12 orc priests
  An iron imp (D:8)
  2 bullfrog skeletons (D:5)
  Jessica (D:3)
  2 iguanas
  25 orc wizards
  A scorpion zombie (D:5)
  2 killer bee zombies
  3 mummies
  Robin (D:4)
  6 adders
  8 gnolls
  2 shadow imps (D:7)
  13 white imps
  A worm (D:4)
  3 dart slugs
  49 orcs
  3 ball pythons
  5 endoplasms
  3 giant cockroaches
  3 gnoll zombies (Ossuary)
  3 hobgoblins
  2 jackals (Sewer)
  21 kobolds
  6 quokkas
  11 bats
  2 frilled lizards
  15 goblins
  3 goblin zombies (Ossuary)
  4 hobgoblin zombies (Ossuary)
  2 orc zombies (Ossuary)
  8 rats
544 creatures vanquished.

Vanquished Creatures (collateral kills)
  An ogre mage (Orc:2)
  2 two-headed ogres (Orc:2)
  Urug (Orc:2)
  3 ogres (Orc:2)
  An orc wizard (Orc:2)
8 creatures vanquished.

Vanquished Creatures (others)
  A kobold (Sewer)
  9 fungi
  16 plants
  2 withered plants (D:7)
28 creatures vanquished.

Grand Total: 580 creatures vanquished

Notes
Turn   | Place    | Note
-------+----------+-------------------------------------------
     0 | D:1      | leviel the Minotaur Fighter began the quest for the Orb.
     0 | D:1      | Reached XP level 1. HP: 19/19 MP: 0/0
   275 | D:1      | Reached XP level 2. HP: 24/27 MP: 1/1
   794 | D:1      | Reached skill level 3 in Axes
  1146 | D:2      | Reached skill level 1 in Invocations
  1334 | D:2      | Reached XP level 3. HP: 33/33 MP: 2/2
  1704 | D:2      | Reached XP level 4. HP: 19/40 MP: 2/4
  2280 | D:3      | Noticed Sigmund
  2288 | D:3      | Killed Sigmund
  2289 | D:3      | Reached skill level 4 in Axes
  2289 | D:3      | Reached XP level 5. HP: 26/47 MP: 5/5
  2438 | D:3      | Found a faded altar of an unknown god.
  2607 | D:3      | Noticed Jessica
  2613 | D:3      | Killed Jessica
  2614 | D:3      | Reached XP level 6. HP: 48/53 MP: 6/6
  3021 | D:3      | Found an ancient bone altar of Kikubaaqudgha.
  3149 | D:4      | Identified a scroll of acquirement
  3149 | D:4      | Acquired the +2 broad axe of Wuattih {venom, rCorr}
  3231 | D:4      | Noticed Eustachio
  3253 | D:4      | Killed Eustachio
  3254 | D:4      | Reached skill level 5 in Axes
  3254 | D:4      | Reached skill level 5 in Shields
  3255 | D:4      | Reached skill level 5 in Fighting
  3291 | D:4      | Found a shimmering altar of Xom.
  3383 | D:4      | Found a sand-covered staircase.
  3428 | Ossuary  | Entered an ossuary
  3438 | Ossuary  | Reached skill level 5 in Armour
  3438 | Ossuary  | Reached XP level 7. HP: 58/61 MP: 8/8
  3568 | D:4      | Found a sacrificial altar of Ru.
  3669 | D:4      | Reached skill level 6 in Axes
  3763 | D:4      | Noticed Robin
  3778 | D:4      | Killed Robin
  4049 | D:5      | Entered Level 5 of the Dungeon
  4364 | D:5      | Reached XP level 8. HP: 35/70 MP: 9/9
  4714 | D:5      | Reached skill level 7 in Axes
  5240 | D:5      | Reached skill level 8 in Axes
  5292 | D:5      | Acquired a manual of Shields
  5525 | D:6      | Found a staircase to the Ecumenical Temple.
  5695 | D:6      | Reached XP level 9. HP: 53/78 MP: 11/11
  6047 | D:6      | Found a glowing drain.
  6063 | Sewer    | Entered a sewer
  6478 | Sewer    | Found a white marble altar of Elyvilon.
  6618 | D:6      | Reached skill level 9 in Axes
  6722 | D:7      | Reached skill level 5 in Invocations
  6846 | D:7      | Found Lihontut's Magic Scroll Emporium.
  6849 | D:7      | Bought a scroll of magic mapping for 35 gold pieces
  7025 | D:7      | Reached skill level 10 in Axes
  7478 | D:7      | Noticed Dowan
  7479 | D:7      | Noticed Duvessa
  7488 | D:7      | Killed Duvessa
  7491 | D:7      | Reached XP level 10. HP: 72/88 MP: 13/13
  7492 | D:7      | Killed Dowan
  7715 | D:7      | Found a glowing golden altar of the Shining One.
  7715 | D:7      | Found an opulent altar of Gozag.
  7962 | D:7      | Became a worshipper of the Shining One
  8125 | D:8      | Reached skill level 10 in Shields
  8134 | D:8      | Reached skill level 11 in Axes
  8623 | D:8      | Found a snail-covered altar of Cheibriados.
  8928 | D:9      | Found a staircase to the Orcish Mines.
  8935 | D:9      | Reached * piety under the Shining One
  9488 | D:9      | Noticed a centaur warrior
  9499 | D:9      | Killed a centaur warrior
  9500 | D:9      | Reached XP level 11. HP: 58/97 MP: 15/15
 10074 | D:10     | Entered Level 10 of the Dungeon
 10248 | D:10     | Reached skill level 12 in Axes
 10441 | D:10     | Noticed a red ugly thing
 10442 | D:10     | Noticed a rakshasa
 10451 | D:10     | Killed a rakshasa
 10452 | D:10     | Killed a red ugly thing
 10680 | D:10     | Noticed Nergalle
 10686 | D:10     | Killed Nergalle
 10744 | D:10     | Found Xeng's Antique Armour Emporium.
 10769 | D:10     | Bought a pair of glowing gloves for 195 gold pieces
 11125 | D:11     | Found a transporter.
 11128 | D:11     | Noticed gimp's ghost (novice DjFi)
 11132 | D:11     | Reached ** piety under the Shining One
 11161 | D:11     | Found a transporter.
 11224 | D:11     | Killed gimp's ghost
 11426 | D:11     | Noticed a centaur warrior
 11428 | D:11     | Noticed a centaur warrior
 11429 | D:11     | Noticed a deep elf pyromancer
 11431 | D:11     | Noticed a six-headed hydra
 11432 | D:11     | Noticed a five-headed hydra
 11435 | D:11     | Reached skill level 13 in Axes
 11445 | D:11     | Killed a centaur warrior
 11446 | D:11     | Reached skill level 10 in Armour
 11446 | D:11     | Killed a centaur warrior
 11447 | D:11     | Reached skill level 10 in Fighting
 11448 | D:11     | Killed a deep elf pyromancer
 12189 | D:11     | Reached XP level 12. HP: 106/106 MP: 15/17
 12214 | D:11     | Found a staircase to the Lair.
 12287 | D:11     | Identified the +4 quarterstaff "Puhizezoi" {spect, Drain
                  | rC+ rCorr Dex+2}
 12346 | D:11     | Identified the ring of Xian {Fly rPois rF+ rC+ Str-3
                  | Slay+5}
 12350 | D:11     | Identified the +8 broad axe "Niwip" {drain, Int-2 Dex+4}
 12350 | D:11     | Reached *** piety under the Shining One
 12370 | D:11     | Noticed a tengu warrior
 12385 | D:11     | Killed a tengu warrior
 12502 | D:11     | Reached skill level 14 in Axes
 12639 | D:11     | Noticed a boulder beetle
 12648 | D:11     | Killed a boulder beetle
 12717 | D:11     | Noticed a boulder beetle
 12725 | D:11     | Killed a boulder beetle
 13144 | D:12     | Found a portal to a secret trove of treasure.
 14268 | D:11     | Noticed a two-headed ogre
 14272 | D:11     | Killed a two-headed ogre
 14386 | Lair:1   | Entered Level 1 of the Lair of Beasts
 14643 | Lair:1   | Reached XP level 13. HP: 114/116 MP: 18/18
 14894 | Lair:1   | Reached skill level 15 in Axes
 16070 | Lair:2   | Noticed Sonja
 16208 | Lair:2   | Killed Sonja
 16660 | Lair:2   | Reached skill level 15 in Shields
 17084 | Lair:3   | Identified the +9 flail of Integrity {vamp, rN++ Int-2
                  | Stlth+}
 17424 | Lair:3   | Reached **** piety under the Shining One
 17571 | Lair:3   | Found a staircase to the Swamp.
 18191 | D:10     | Reached skill level 16 in Axes
 18274 | Orc:1    | Entered Level 1 of the Orcish Mines
 18482 | Orc:2    | Entered Level 2 of the Orcish Mines
 18504 | Orc:2    | Noticed Urug
 18547 | Orc:2    | Reached skill level 10 in Invocations
 18638 | Orc:2    | Found a dark tunnel.
 18688 | Volcano  | Entered a volcano
 18963 | Volcano  | Gained mutation: Your magical capacity is low. (-10% MP) [a
                  | neqoxec]
 19011 | Volcano  | Found a radiant altar of Vehumet.
 19033 | Volcano  | Identified the +2 pair of gloves of Seugamn {Stlth+}
 19063 | Volcano  | Reached XP level 14. HP: 106/126 MP: 18/18
 19127 | Volcano  | Found a burning altar of Makhleb.
 19336 | Orc:2    | Reached ***** piety under the Shining One
 19357 | Orc:2    | Killed Urug
 19396 | Orc:2    | Found Vut Enam's Jewellery Shop.
 19396 | Orc:2    | Found Palu's Antique Weapon Emporium.
 19397 | Orc:2    | Found Apraiby's Antique Armour Emporium.
 19397 | Orc:2    | Found Loarul's Armour Boutique.
 19451 | Orc:2    | Paralysed by an ogre mage for 2 turns
 19462 | Orc:2    | Reached skill level 17 in Axes
 20190 | Orc:2    | Found a staircase to the Elven Halls.
 20411 | Orc:1    | Paralysed by an orc sorcerer for 4 turns
 20418 | Orc:1    | Paralysed by an orc sorcerer for 5 turns
 21162 | D:13     | Found a gate to the Vaults.
 21162 | D:13     | Noticed an ironbound preserver
 21173 | D:13     | Killed an ironbound preserver
 21197 | D:13     | Found a frozen archway.
 21244 | D:13     | Found a gate leading to a gauntlet.
 21252 | Gauntlet | Entered a Gauntlet
 21252 | Gauntlet | Found a transporter.
 21252 | Gauntlet | Found a transporter.
 21267 | Gauntlet | Found a transporter.
 21267 | Gauntlet | Found a transporter.
 21270 | Gauntlet | Found a transporter.
 21286 | Gauntlet | Found a transporter.
 21287 | Gauntlet | Found a transporter.
 21346 | Gauntlet | Found a transporter.
 21361 | Gauntlet | Found a transporter.
 21371 | Gauntlet | Found a transporter.
 21373 | Gauntlet | Found a large runed translucent door.
 21374 | Gauntlet | Found a large runed translucent door.
 21375 | Gauntlet | Found a large runed translucent door.
 21375 | Gauntlet | Found a large runed translucent door.
 21375 | Gauntlet | Found a runed translucent door.
 21375 | Gauntlet | Found a runed translucent door.
 21376 | Gauntlet | Found a large runed translucent door.
 21377 | Gauntlet | Found a large runed translucent door.
 21378 | Gauntlet | Found a large runed translucent door.
 21378 | Gauntlet | Found a large runed translucent door.
 21379 | Gauntlet | Found a runed translucent gate.
 21379 | Gauntlet | Found a runed translucent gate.
 21379 | Gauntlet | Found a runed translucent gate.
 21381 | Gauntlet | Found a transporter.
 21390 | Gauntlet | Found a large runed translucent door.
 21390 | Gauntlet | Found a large runed translucent door.
 21391 | Gauntlet | Found a large runed translucent door.
 21392 | Gauntlet | Found a large runed translucent door.
 21396 | Gauntlet | Found a transporter.
 21434 | Gauntlet | Found a large runed translucent door.
 21451 | Gauntlet | Found a large runed translucent door.
 21452 | Gauntlet | Found a large runed translucent door.
 21452 | Gauntlet | Found a large runed translucent door.
 21519 | Gauntlet | Identified the ring "Duzaiw Nai" {Fire rElec rN+ Dex+3}
 21664 | Gauntlet | Identified the +1 ring mail of the Armoured One {Harm rPois
                  | Str-4 Int+4}
 21664 | Gauntlet | Identified the Catalogue of the Ashen Glacier
 21674 | D:13     | HP: 1/129 [centaur warrior/arrow (7)]
 21674 | D:13     | Mangled by a cyclops

Illustrated notes

Levels and vault maps discovered:
D:1:      dpeg_arrival_round_c, layout_loops_corners
D:2:      layout_basic
D:3:      layout_loops_ring, lemuel_tele_altar,
          hellmonk_ecumenical_altar_lost_god, serial_bayou_pond_b,
          hangedman_decor_peaks_small, uniq_sigmund, uniq_jessica
D:4:      minmay_door_path, layout_rooms, xom_teletrap_fun,
          kennysheep_mini_moat, nicolae_ossuary_entry_ruins, uniq_robin,
          uniq_eustachio
D:5:      minmay_clustersquares, layout_basic, kennysheep_generic_room_2
D:6:      layout_rooms, minmay_temple_entry_statues, portal_sewer_entry_d
D:7:      layout_cave_pods, gammafunk_temple_overflow_elements, serial_shops,
          nicolae_shop_behind_doors, serial_undead, serial_undead_d,
          serial_undead_d, serial_undead_c, serial_undead_f, serial_undead_d,
          centaur_isle, uniq_duvessa
D:8:      layout_loops_cross, slow_altar_1
D:9:      layout_irregular_city, minmay_orc_entry_temple_small
D:10:     layout_roguey, serial_shops, shop_statue, uniq_nergalle
D:11:     minmay_the_grid_square_5x5_4x4_mashed
          [minmay_the_grid_square_5x5_comb, minmay_the_grid_square_5x5_slash,
          minmay_the_grid_square_5x5_tri_point, minmay_the_grid_square_5x5_meh,
          minmay_the_grid_square_5x5_bridge,
          minmay_the_grid_square_5x5_prize_pseudospiral,
          minmay_the_grid_square_5x5_prize_snowflake,
          minmay_the_grid_square_5x5_beaten_path,
          minmay_the_grid_square_5x5_detours,
          minmay_the_grid_square_5x5_prize_waves,
          minmay_the_grid_square_5x5_prize_itemx,
          minmay_the_grid_square_5x5_inner_v,
          minmay_the_grid_square_5x5_broken_cross,
          minmay_the_grid_square_5x5_inset, minmay_the_grid_square_5x5_fat_x,
          minmay_the_grid_square_5x5_two_small], layout_cave_pools,
          erik_lair_orcish_takeover, gammafunk_ghost_stat_death
D:12:     layout_loops_ring, enter_trove_0
D:13:     layout_roguey, skrybe_vaults_entry_preservation,
          gauntlet_entry_generic, portal_ice_cave_entry_imps
Lair:1:   layout_gridlike, chequers_serial_rivers_room_b, serial_bayou_shore_a
Lair:2:   layout_roguey, uniq_sonja
Lair:3:   layout_chaotic_city, nicolae_swamp_entry_splash_gauntlet
Orc:1:    layout_caves, basic_altar
Orc:2:    st_orc_ogre_mass, layout_caves, nicolae_volcano_entry_s_turn,
          nicolae_orc_lava_tube, uniq_urug

Skill      XL: |  1  2  3  4  5  6  7  8  9 10 11 12 13 14 |
---------------+-------------------------------------------+-----
Axes           | 3 4 5 6 8 10 11 13 14 16 17 | 17.5
Invocations    | 1 2 3 4 5 6 8 9 10 | 10.9
Shields        | 4 5 7 9 11 12 14 15 16 | 16.5
Fighting       | 4 5 6 7 9 10 11 12 13 | 13.1
Armour         | 4 5 6 7 9 10 11 12 13 | 13.2

Action                   |  1- 3 |  4- 6 |  7- 9 | 10-12 | 13-15 || total
-------------------------+-------+-------+-------+-------+-------++-------
Melee: War axe           |    89 |    53 |       |       |       ||   142
       Headbutt          |    10 |    14 |    41 |    85 |    93 ||   243
       Broad axe         |       |    34 |   270 |   440 |   461 ||  1205
Throw: Dart              |       |       |       |     1 |     4 ||     5
Invok: Divine Shield     |       |       |       |     1 |       ||     1
       Summon Divine War |       |       |       |       |     1 ||     1
  Use: Scroll            |     4 |     4 |     7 |    10 |    15 ||    40
       Potion            |       |       |       |     1 |     3 ||     4
Armor: Scale mail        |    43 |       |       |       |       ||    43
       Pearl dragon scal |    20 |    56 |   157 |   201 |   239 ||   673
Dodge: Dodged            |    25 |    19 |    52 |    80 |   109 ||   285
       Repelled          |       |       |       |     2 |     3 ||     5
Block: Kite shield       |    70 |    16 |       |       |       ||    86
       Tower shield      |       |    52 |   361 |   604 |   623 ||  1640
       Reflection        |       |       |    30 |    22 |    19 ||    71

Table legend: (Time is in decaauts)
 A = Elapsed time spent in this place.
 B = Non-inter-level travel time spent in this place.
 C = Inter-level travel time spent in this place.
 D = Time resting spent in this place.
 E = Time spent auto-exploring this place.
 F = Levels seen in this place.
 G = Mean time per level.
                   A        B        C        D        E       F      G
               +--------+--------+--------+--------+--------+-----+--------+
         Total |  22142 |  20957 |   1185 |   4096 |  13106 |  22 | 1006.5 |
       Dungeon |  14643 |  13687 |    956 |   2086 |   9161 |  13 | 1126.4 |
          Lair |   3752 |   3601 |    151 |    933 |   2239 |   3 | 1250.7 |
  Orcish Mines |   2201 |   2123 |     78 |    653 |    977 |   2 | 1100.5 |
         Sewer |    509 |    509 |      0 |    319 |    124 |   1 |  509.0 |
       Ossuary |    152 |    152 |      0 |      0 |     74 |   1 |  152.0 |
       Volcano |    465 |    465 |      0 |    105 |    251 |   1 |  465.0 |
      Gauntlet |    417 |    417 |      0 |      0 |    279 |   1 |  417.0 |
               +--------+--------+--------+--------+--------+-----+--------+

Top non-repeatable levels by time:
     D:9: 1981 daAuts
    D:11: 1890 daAuts
  Lair:2: 1843 daAuts
     D:5: 1531 daAuts
     D:7: 1386 daAuts
   Orc:2: 1380 daAuts
  Lair:1: 1236 daAuts
     D:2: 1167 daAuts
    D:12: 1092 daAuts
     D:1: 1040 daAuts
    D:10: 974 daAuts
     D:3: 966 daAuts
     D:8: 924 daAuts
     D:4: 863 daAuts
   Orc:1: 820 daAuts
